 Dungeon Crawl Stone Soup version 0.29.1-1-gd02db6906a (webtiles) character file.

Game seed: 16367998764248606854

60935 mortz the Destroyer (level 14, 0/96 HPs)
             Began as a Demigod Conjurer on Oct 11, 2022.
             Slain by a sixfirhy (10 damage)
             ... summoned by an orc high priest
             ... on level 2 of the Orcish Mines on Oct 12, 2022.
             The game lasted 03:22:04 (34814 turns).

mortz the Destroyer (Demigod Conjurer)             Turns: 34814, Time: 03:22:04

Health: 0/96       AC: 11    Str:  8    XL:     14   Next: 22%
Magic:  18/35      EV: 10    Int: 36    God:
Gold:   1196       SH:  7    Dex: 12    Spells: 18/37 levels left

rFire   . . .      SeeInvis .   a - staff of conjuration
rCold   + + .      Faith    .   T - +0 kite shield {rC+}
rNeg    + . .      Spirit   .   G - +0 steam dragon scales
rPois   .          Reflect  .   H - +1 helmet
rElec   .          Harm     .   J - +1 cloak of Death's Door {Will+ Stlth+}
rCorr   .          Rampage  .   x - +1 pair of gloves
Will    +++++      Clarity  +   (no boots)
Stlth   ++++......              i - amulet of the Four Winds {rN+ Will+++ Clar}
HPRegen 0.26/turn               t - ring of wizardry
MPRegen 0.24/turn               L - ring "Onyesidu" {rC+ Will+ Slay+3}

@: forested
A: high MP 1, forlorn, divine attributes
a: no special abilities


You were on level 2 of the Orcish Mines.
You visited 3 branches of the dungeon, and saw 19 of its levels.

You collected 1781 gold pieces.
You spent 585 gold pieces at shops.

Inventory:

Hand Weapons
 b - a +3 dagger
 E - a +2 short sword of draining
 K - the +11 quarterstaff of the Wilderness {antimagic, rC++ Will+ Stlth+}
   (You found it on level 5 of the Lair of Beasts)

   It reduces the magical energy of the wielder, and disrupts the spells and
   magical abilities of those it strikes.
   Natural abilities and divine invocations are not affected.
   rC:        It greatly protects you from cold.
   Will:      It increases your willpower.
   Stlth:     It makes you more stealthy.
 M - the +7 great mace "Undeadhunter" {disrupt, rN+}
   (You found it on level 9 of the Dungeon)

   It inflicts significantly more damage against the undead.
   rN:        It protects you from negative energy.
Missiles
 F - 3 throwing nets
Armour
 c - the +1 ring mail of Loraorar {rF+ Slay+2}
   (You found it on level 5 of the Lair of Beasts)

   Slay:      It affects your accuracy & damage with ranged weapons and melee
   (+2).
   rF:        It protects you from fire.
 k - a +2 scale mail of poison resistance
 m - a +1 leather armour of fire resistance
 x - a +1 pair of gloves (worn)
 z - a +2 robe of cold resistance
 C - the +1 chain mail "Uleguq" {Drain rPois Str+6 SInv}
   (You found it on level 6 of the Dungeon)

   Str:       It affects your strength (+6).
   rPois:     It protects you from poison.
   SInv:      It lets you see invisible.
   Drain:     It drains your maximum health when unequipped.
 G - +0 steam dragon scales (worn)
 H - a +1 helmet (worn)
 J - the +1 cloak of Death's Door (worn) {Will+ Stlth+}
   (You bought it in a shop on level 2 of the Orcish Mines)

   Will:      It increases your willpower.
   Stlth:     It makes you more stealthy.
 T - a +0 kite shield of cold resistance (worn)
 W - a +3 scale mail
 X - a +2 robe of fire resistance
Magical Staves
 a - a staff of conjuration (weapon)
Jewellery
 g - a ring of resist corrosion
 i - the amulet of the Four Winds (around neck) {rN+ Will+++ Clar}
   (You found it on level 5 of the Lair of Beasts)

   [amulet of nothing]

   rN:        It protects you from negative energy.
   Clar:      It protects you against confusion.
   Will:      It greatly increases your willpower.
 j - a ring of fire
 l - an amulet of reflection
 t - a ring of wizardry (left hand)
 y - a ring of positive energy
 L - the ring "Onyesidu" (right hand) {rC+ Will+ Slay+3}
   (You found it on level 9 of the Dungeon)

   [ring of protection from cold]

   Slay:      It affects your accuracy & damage with ranged weapons and melee
   (+3).
   rC:        It protects you from cold.
   Will:      It increases your willpower.
 V - a ring of ice
Wands
 o - a wand of flame (6)
 I - a wand of roots (9)
 Q - a wand of mindburst (12)
 S - a wand of quicksilver (11)
 U - a wand of paralysis (1)
Scrolls
 d - 3 scrolls of fear
 f - 6 scrolls of immolation
 r - a scroll of identify
 A - a scroll of enchant weapon
 N - 3 scrolls of butterflies
 O - 5 scrolls of teleportation
 Y - 3 scrolls of blinking
Potions
 e - a potion of flight
 h - 2 potions of mutation
 n - 5 potions of haste
 q - 2 potions of lignification
 s - 5 potions of might
 u - 7 potions of curing
 v - 2 potions of ambrosia
 w - 2 potions of cancellation
 B - 6 potions of brilliance
 D - 4 potions of attraction
 P - a potion of berserk rage
 R - a potion of resistance {unknown}
 Z - a potion of invisibility {unknown}
Miscellaneous
 p - a tin of tremorstones (2/2)


   Skills:
 - Level 1.3 Fighting
 + Level 1.4 Short Blades
 + Level 0.2 Staves
 + Level 2.0 Armour
 - Level 2.5 Dodging
 + Level 7.5 Stealth
 - Level 1.4 Shields
 + Level 12.0 Spellcasting
 * Level 12.9 Conjurations
 * Level 8.1 Summonings
 + Level 11.7 Translocations
 + Level 0.1 Earth Magic
 + Level 0.7 Evocations


You had 18 spell levels left.
You knew the following spells:

 Your Spells              Type           Power      Damage    Failure   Level
a - Apportation           Tloc           100%       N/A       1%          1
b - Searing Ray           Conj           100%       2d8       1%          2
c - Iskenderun's Mystic   Conj/Tloc      100%       2d19      1%          4
e - Magic Dart            Conj           100%       1d8       1%          1
f - Summon Forest         Summ/Tloc      37%        N/A       1%          5
m - Summon Small Mammal   Summ           100%       N/A       1%          1
p - Passwall              Tmut/Erth      18%        N/A       3%          2
s - Stone Arrow           Conj/Erth      100%       3d13      1%          3

Your spell library contained the following spells:

 Spells                   Type           Power      Damage    Failure   Level
 Blink                    Tloc           100%       N/A       1%          2
 Dazzling Flash           Conj/Hex       100%       N/A       1%          3
 Lesser Beckoning         Tloc           82%        N/A       1%          3
 Fulminant Prism          Conj/Hex       40%        3d20      1%          4
 Manifold Assault         Tloc           82%        N/A       1%          5
 Beastly Appendage        Tmut           42%        N/A       2%          1
 Necrotise                Necr           84%        1d8       2%          1
 Sandblast                Erth           46%        2d11      2%          1
 Ensorcelled Hibernation  Hex/Ice        42%        N/A       4%          2
 Wereblood                Tmut           21%        N/A       4%          2
 Frozen Ramparts          Ice            42%        1d7       8%          3
 Spider Form              Tmut/Pois      21%        N/A       8%          3
 Swiftness                Air            21%        N/A       8%          3
 Vampiric Draining        Necr           21%        2d7       8%          3
 Freezing Cloud           Conj/Ice/Air   34%        6-21      12%         5
 Summon Mana Viper        Hex/Summ       50%        N/A       13%         5
 Dispel Undead            Necr           21%        3d11      24%         4
 Starburst                Conj/Fire      40%        6d11      26%         6
 Spellforged Servitor     Conj/Summ      49%        N/A       26%         7
 Borgnjor's Vile Clutch   Necr/Erth      11%        N/A       52%         5
 Metabolic Englaciation   Hex/Ice        10%        N/A       52%         5
 Monstrous Menagerie      Summ           34%        N/A       56%         7
 Simulacrum               Ice/Necr       10%        N/A       97%         6
 Summon Horrible Things   Summ           34%        N/A       99%         8
 Borgnjor's Revivificati  Necr           10%        N/A       100%        8
 Polar Vortex             Ice            10%        N/A       100%        9


Dungeon Overview and Level Annotations

Branches:
Dungeon (12/15) Zot: 23426  Temple (0/1) D:4            Lair (5/5) D:11 Zot: 17448
 Shoals (0/4) Lair:3        Snake (0/4) Lair:3        Slime (0/5) Lair:5
    Orc (2/2) D:11 Zot: 10082     Elf (0/3) Orc:2

Shops:
Orc:1 :   Orc:2 *

Annotations:
D:8 1 runed translucent door
D:10 4 runed translucent doors
Lair:4 3 runed translucent doors, turdburglar's ghost, journeyman DsGl
Lair:5 exclusion: ice statue
Orc:1 2 transporters
Orc:2 exclusion: orc warrior


Innate Abilities, Weirdness & Mutations

You have an increased reservoir of magic. (+10% MP)
You shall have no god before yourself.
Your divine heritage dramatically boosts your attributes as you level up.


Message History

Your snaplasher vine barely misses the sixfirhy.
Your snaplasher vine misses the sixfirhy.
A tree reaches out but misses the sixfirhy.
Your snaplasher vine misses the sixfirhy.
Your snaplasher vine barely misses the sixfirhy.
Your dryad misses the sixfirhy. Tree limbs sway around you.
The sixfirhy hits you! The sixfirhy shocks you!
Casting: Summon Forest (dangerous; 1% risk of failure)
Confirm with . or Enter, or press ? or * to list all spells.
Aiming: Stone Arrow (safe; 1% risk of failure)
Press: ? - help, Shift-Dir - straight line, f - sixfirhy
Aim: a sixfirhy (lightly wounded, summoned, ally target, 50% to hit)
You feel a surge of power!
The stone arrow misses the sixfirhy.
Branches wave dangerously above you. The sixfirhy closely misses you.
You block the sixfirhy's attack. The sixfirhy hits you.
The sixfirhy shocks you! The sixfirhy hits you. The sixfirhy shocks you!
Casting: Stone Arrow (safe; 1% risk of failure)
Confirm with . or Enter, or press ? or * to list all spells.
Aiming: Stone Arrow (safe; 1% risk of failure)
Press: ? - help, Shift-Dir - straight line, f/p - sixfirhy
Aim: a sixfirhy (lightly wounded, summoned, 50% to hit)
You feel a surge of power!
The stone arrow misses the sixfirhy.
Casting: Stone Arrow (safe; 1% risk of failure)
Confirm with . or Enter, or press ? or * to list all spells.
Aiming: Stone Arrow (safe; 1% risk of failure)
Press: ? - help, Shift-Dir - straight line, f/p - sixfirhy
Aim: a sixfirhy (lightly wounded, summoned, ally target, 50% to hit)
You feel a surge of power!
The stone arrow misses the sixfirhy.
The sixfirhy barely misses you. The sixfirhy hits you. The sixfirhy shocks you!
A tree reaches out and hits the sixfirhy!
The sixfirhy hits you!
* * * LOW HITPOINT WARNING * * *
The sixfirhy shocks you!
* * * LOW HITPOINT WARNING * * *
The sixfirhy hits you.
* * * LOW HITPOINT WARNING * * *
The sixfirhy shocks you!
You die...

..........*.....♣#
....).......$...♣#
../.\.)...).....♣
...............#
.w...)..$..)..##
...............♣#
...#........[[..♣
..........∩..♣..♣#
..♣......3..R.)3@#
.......w..##....♣#
......│...#.#.###
...#..♣......#♣
..###...♣.♣.♣♣
...#...###♣♣#
........#
#....#.##
##..♣#.##


You could see a sun demon (summoned), a sixfirhy (summoned, ally target) and a
friendly dryad (summoned).

Vanquished Creatures
  Snorg (Lair:5)
  A fire dragon (Lair:5)
  Josephine (D:12)
  Erolcha (D:12)
  Fannar (D:12)
  4 hydras
  Harold (D:9)
  3 boulder beetles
  2 two-headed ogres
  4 death yaks (Lair:4)
  An orc high priest (Orc:2)
  A lindwurm (Lair:5)
  Pikel (D:8)
  An orc knight (Orc:2)
  An orc sorcerer (Orc:2)
  5 cyclopes
  8 elephants
  2 manticores (D:12)
  Maurice (D:8)
  7 black mambas
  2 merfolk sirens (Lair:3)
  Joseph (D:7)
  7 cane toads
  3 molten gargoyles (Lair:5)
  Psyche (D:11)
  3 kobold demonologists
  A freezing wraith (Lair:5)
  11 komodo dragons
  5 rime drakes
  An unseen horror (D:10)
  A tengu conjurer (D:10)
  2 merfolk (Lair:3)
  4 trolls
  Grinder (D:6)
  9 slime creatures (D:12)
  2 polar bears (Lair:5)
  9 blink frogs
  8 wyverns
  5 wraiths
  42 yaks
  8 basilisks
  A steam dragon (Lair:5)
  An acid dragon (D:12)
  20 water moccasins
  3 hell hounds (Lair:5)
  3 sky beasts
  13 orc warriors
  9 ice beasts
  2 black bears
  13 wolves
  6 ogres
  3 centaurs
  A phantom (D:6)
  3 lemures (D:8)
  A kobold brigand (D:8)
  11 bullfrogs
  3 scorpions
  A necrophage (D:6)
  7 wights
  10 killer bees
  A howler monkey (D:7)
  A lava snake (Lair:5)
  6 hounds
  8 orc priests
  A gnoll bouda (D:9)
  4 jellies
  2 iguanas
  14 orc wizards
  4 hell rats (Lair:3)
  14 gnolls
  6 adders
  4 shadow imps
  4 white imps
  An ufetubus (D:3)
  A worm (D:5)
  A dart slug (D:3)
  52 orcs
  7 endoplasms
  5 giant cockroaches
  12 goblins
  13 hobgoblins
  13 kobolds
  7 quokkas
  6 ball pythons
  7 bats
  2 frilled lizards
  A goblin skeleton (D:8)
  10 rats
491 creatures vanquished.

Vanquished Creatures (collateral kills)
  Erica (Orc:1)
  2 orc knights
  3 orc sorcerers
  A blink frog (Lair:1)
  A warg (Orc:2)
  9 orc warriors
  3 ogres
  8 wolves
  6 orc priests
  8 orc wizards
  13 orcs
55 creatures vanquished.

Vanquished Creatures (others)
  A bush (Lair:1)
  47 fungi
  65 plants
  5 snaplasher vines (Orc:2)
118 creatures vanquished.

Grand Total: 664 creatures vanquished

Notes
Turn   | Place    | Note
-------+----------+-------------------------------------------
     0 | D:1      | mortz the Demigod Conjurer began the quest for the Orb.
     0 | D:1      | Reached XP level 1. HP: 14/14 MP: 5/5
   455 | D:1      | Reached XP level 2. HP: 20/20 MP: 1/7
   583 | D:1      | Learned a level 2 spell: Searing Ray
  1644 | D:2      | Reached XP level 3. HP: 26/26 MP: 4/8
  2308 | D:2      | You fall into a shaft and drop 2 floors!
  2345 | D:4      | Reached skill level 1 in Translocations
  2345 | D:4      | Reached XP level 4. HP: 16/33 MP: 5/10
  2684 | D:3      | Reached XP level 5. HP: 38/38 MP: 11/11
  2861 | D:3      | Noticed a sky beast
  3397 | D:3      | Killed a sky beast
  3758 | D:3      | Learned a level 4 spell: Iskenderun's Mystic Blast
  4315 | D:4      | Reached XP level 6. HP: 45/45 MP: 8/13
  4920 | D:4      | Reached skill level 5 in Conjurations
  5056 | D:4      | Found a staircase to the Ecumenical Temple.
  5494 | D:5      | Entered Level 5 of the Dungeon
  5570 | D:5      | Reached skill level 1 in Fighting
  5774 | D:5      | Reached XP level 7. HP: 52/52 MP: 15/15
  6363 | D:6      | Got the Incunable of the Chill
  6375 | D:5      | Learned a level 1 spell: Summon Small Mammal
  6585 | D:6      | Reached skill level 1 in Shields
  7556 | D:6      | Reached XP level 8. HP: 55/59 MP: 8/18
  7631 | D:6      | Reached skill level 1 in Summonings
  7698 | D:6      | Noticed Grinder
  7711 | D:6      | Killed Grinder
  7868 | D:6      | Identified the +1 chain mail "Uleguq" {Drain rPois Str+6
                  | SInv}
  8055 | D:6      | Reached skill level 5 in Spellcasting
  8255 | D:7      | Reached skill level 5 in Stealth
  8507 | D:7      | Noticed Joseph
  8719 | D:7      | Killed Joseph
  8720 | D:7      | Reached XP level 9. HP: 60/64 MP: 8/21
  9109 | D:7      | Reached skill level 5 in Translocations
  9723 | D:8      | Noticed Pikel
  9730 | D:8      | Killed Pikel
 10050 | D:7      | Reached skill level 1 in Short Blades
 10196 | D:8      | Noticed Maurice
 10264 | D:8      | Killed Maurice
 10265 | D:8      | Reached XP level 10. HP: 55/71 MP: 9/25
 10455 | D:8      | Found a runed translucent door.
 10918 | D:9      | Noticed Harold
 10932 | D:9      | Killed Harold
 11939 | D:9      | Identified the ring "Onyesidu" {rC+ Will+ Slay+3}
 12438 | D:9      | Found the +7 great mace "Undeadhunter" {disrupt, rN+}
 12649 | D:10     | Entered Level 10 of the Dungeon
 12863 | D:10     | Found a huge runed translucent gate.
 13212 | D:10     | Found a huge runed translucent gate.
 13212 | D:10     | Found a huge runed translucent gate.
 13212 | D:10     | Found a huge runed translucent gate.
 13213 | D:10     | Noticed a death yak
 13355 | D:10     | Got the Enchiridion on the Cunning Comitatus
 13605 | D:11     | Noticed a cyclops
 13688 | D:11     | Reached XP level 11. HP: 75/77 MP: 8/27
 13985 | D:11     | Noticed a two-headed ogre
 13986 | D:11     | Noticed Psyche
 13990 | D:11     | Killed a two-headed ogre
 15250 | D:11     | Found a staircase to the Lair.
 15385 | D:11     | Killed Psyche
 16195 | D:11     | Found a staircase to the Orcish Mines.
 16444 | D:11     | Found a staircase to the Orcish Mines.
 16679 | D:11     | Found a staircase to the Lair.
 16707 | Lair:1   | Entered Level 1 of the Lair of Beasts
 16719 | Lair:1   | Got the Anthology of Inconstant Invitation
 17679 | Lair:1   | Reached skill level 5 in Summonings
 17751 | Lair:1   | Learned a level 5 spell: Summon Forest
 17782 | Lair:1   | Reached XP level 12. HP: 65/84 MP: 18/30
 18053 | Lair:1   | Reached skill level 10 in Spellcasting
 18590 | Lair:2   | Noticed a four-headed hydra
 18603 | Lair:2   | Killed a four-headed hydra
 18604 | Lair:2   | Reached skill level 10 in Conjurations
 18965 | Lair:2   | Noticed a boulder beetle
 18993 | Lair:2   | Killed a boulder beetle
 19501 | Lair:2   | HP: 4/84 [black mamba (11)]
 19508 | Lair:2   | HP: 4/84 [bullfrog (4)]
 21836 | Lair:3   | Found a staircase to the Snake Pit.
 22288 | Lair:3   | Reached skill level 10 in Translocations
 22623 | Lair:3   | Found a staircase to the Shoals.
 22935 | Lair:3   | Found a staircase to the Snake Pit.
 23166 | Lair:3   | Found a staircase to the Shoals.
 23627 | Lair:4   | Noticed a seven-headed hydra
 23637 | Lair:4   | Killed a seven-headed hydra
 23856 | Lair:4   | Found a runed translucent gate.
 23857 | Lair:4   | Found a runed translucent gate.
 23858 | Lair:4   | Found a runed translucent gate.
 23859 | Lair:4   | Noticed turdburglar's ghost (journeyman DsGl)
 23913 | Lair:4   | Reached XP level 13. HP: 90/90 MP: 21/32
 25100 | Lair:5   | Entered Level 5 of the Lair of Beasts
 25191 | Lair:5   | Identified the +1 ring mail of Loraorar {rF+ Slay+2}
 25213 | Lair:5   | Found the amulet of the Four Winds {rN+ Will+++ Clar}
 26191 | Lair:5   | Reached skill level 1 in Armour
 26623 | Lair:5   | Learned a level 1 spell: Apportation
 26638 | Lair:5   | Learned a level 2 spell: Passwall
 26896 | Lair:5   | Got the Precepts of Evil
 27539 | Lair:5   | Found a staircase to the Slime Pits.
 28114 | Lair:5   | Noticed Snorg
 28133 | Lair:5   | Killed Snorg
 28503 | Lair:5   | Found a large runed translucent door.
 28658 | Lair:5   | Found a large runed translucent door.
 29063 | Lair:5   | Identified the +11 quarterstaff of the Wilderness
                  | {antimagic, rC++ Will+ Stlth+}
 29455 | D:12     | Noticed Fannar
 29472 | D:12     | Killed Fannar
 29484 | D:12     | Noticed Erolcha
 29894 | D:12     | Noticed Josephine
 29898 | D:12     | Killed Josephine
 30093 | D:12     | Killed Erolcha
 31586 | D:12     | Reached XP level 14. HP: 80/96 MP: 24/34
 32606 | Orc:1    | Entered Level 1 of the Orcish Mines
 32941 | Orc:1    | Found a transporter.
 32945 | Orc:1    | Found a transporter.
 32947 | Orc:1    | Noticed an orc warlord
 33064 | Orc:1    | Found Ixkedut's Book Emporium.
 33070 | Orc:1    | Bought a book of Geomancy for 252 gold pieces
 33075 | Orc:1    | Learned a level 3 spell: Stone Arrow
 33132 | Orc:1    | Noticed Erica
 33690 | Orc:1    | Killed Erica
 34069 | Orc:2    | Entered Level 2 of the Orcish Mines
 34136 | Orc:2    | Found a staircase to the Elven Halls.
 34551 | Orc:2    | Found Inwesch's Assorted Antiques.
 34559 | Orc:2    | Bought a faintly humming cloak for 275 gold pieces
 34559 | Orc:2    | Identified the +1 cloak of Death's Door {Will+ Stlth+} (You
                  | bought it in a shop on level 2 of the Orcish Mines)
 34559 | Orc:2    | Bought a scroll of identify for 58 gold pieces
 34814 | Orc:2    | Slain by a sixfirhy

Illustrated notes

Levels and vault maps discovered:
D:1:      tarquinn_simple_flora_water_a, layout_basic,
          hellmonk_ecumenical_altar_blasted, dk_noncrumbling_2, feat_on_display
D:2:      layout_basic, serial_park_tiny_2, minmay_between
D:3:      layout_loops_corners, doesnt_xom_only_xom,
          minmay_fractal_squares_gapless_5
D:4:      cheibrodos_greedy_goblins, layout_basic, nicolae_vehumet_radiance,
          minmay_temple_entry_mini_moons, dreamdust_gnoll_farm
D:5:      layout_rooms, mainiacjoe_overflow_tiny_flanked, serial_glass,
          glass_columns_a, glass_columns_c, nicolae_hexahallways
D:6:      layout_gridville, nemelex_diamond_rough_becter, elyvilon_altar_4,
          lemuel_coloured_pillars_altar, kennysheep_little_box, uniq_grinder
D:7:      nicolae_BIG_FREAKIN_CUBE, layout_cave_pools, uniq_joseph
D:8:      layout_loops_ring, dk_yredelemnul_ordeal,
          nicolae_hepliaklqana_hippocampus, uniq_pikel, uniq_maurice
D:9:      layout_basic, kiku_gazebo_pond_becter, uniq_harold
D:10:     lemuel_bear_cage, layout_gridville, nicolae_ashenzari_panopticon,
          grunt_dithmenos_smoke, feat_on_display
D:11:     layout_roguey, dpeg_oklobed_lair, david_orc_4, uniq_psyche
D:12:     layout_loops_ring, minmay_sticks_and_stones, uniq_fannar,
          uniq_josephine, uniq_erolcha
Lair:1:   beast_lair_carwin_large_1, layout_misc_corridors,
          small_statue_intersection, st_stairs_12, minmay_hedge_maze
Lair:2:   layout_regular_city, nzn_sisyphean_effort
Lair:3:   layout_loops_ring, elwin_shoals_entry_stream,
          minmay_snake_entry_six_corridors, lemuel_fruit_tree
Lair:4:   layout_cave_pods, serial_rivers, chequers_serial_rivers_micro_d,
          chequers_serial_rivers_marsh, chequers_serial_rivers_micro_c,
          chequers_serial_rivers_micro_d, chequers_serial_rivers_large_b,
          chequers_serial_rivers_room_a, gammafunk_ghost_split,
          serial_bayou_pond_c, infiniplex_staircase_pool_2
Lair:5:   cheibrodos_lair_end_hotspot, layout_misc_corridors, slime_entry_1,
          ice2_lemuel, uniq_snorg
Orc:1:    gammafunk_beogh_shrine, layout_caves, serial_shops,
          nicolae_shop_behind_doors, uniq_erica
Orc:2:    st_orc_elflike, layout_caves, serial_shops, shop

Skill      XL: |  1  2  3  4  5  6  7  8  9 10 11 12 13 14 |
---------------+-------------------------------------------+-----
Conjurations   | 4 5 6 7 8 9 11 12 | 12.9
Spellcasting   | 2 3 4 5 7 8 9 11 12 | 12.0
Stealth        | 2 3 4 5 6 7 |  7.5
Dodging        | 2 |  2.5
Translocations | 1 2 3 4 6 7 9 10 11 | 11.7
Fighting       | 1 |  1.3
Shields        | 1 |  1.4
Summonings     | 2 3 5 6 7 8 |  8.1
Short Blades   | 1 |  1.4
Armour         | 2 |  2.0
Staves         | |  0.2
Earth Magic    | |  0.1
Evocations     | |  0.7

Action                   |  1- 3 |  4- 6 |  7- 9 | 10-12 | 13-15 || total
-------------------------+-------+-------+-------+-------+-------++-------
Melee: Mace              |     1 |       |       |       |       ||     1
       Short sword       |     3 |       |       |       |       ||     3
       Dagger            |       |     9 |     9 |    21 |    12 ||    51
       Staff             |       |       |       |     6 |     1 ||     7
 Cast: Magic Dart        |    58 |    35 |    45 |   154 |   201 ||   493
       Searing Ray       |     8 |    29 |    59 |    92 |    51 ||   239
       Summon Small Mamm |       |       |    19 |       |     3 ||    22
       Iskenderun's Myst |       |       |    24 |   167 |   187 ||   378
       Summon Forest     |       |       |       |     3 |    14 ||    17
       Apportation       |       |       |       |       |     8 ||     8
       Stone Arrow       |       |       |       |       |    24 ||    24
Evoke: Wand              |       |       |       |     5 |    15 ||    20
  Use: Scroll            |     1 |     9 |     7 |     7 |     7 ||    31
       Potion            |       |       |     1 |     6 |     4 ||    11
 Stab: Sleeping          |     4 |     6 |     6 |     8 |     1 ||    25
       Distracted        |       |       |       |       |     1 ||     1
Armor: Robe              |     3 |     3 |     6 |    28 |     1 ||    41
       Ring mail         |       |       |       |       |    15 ||    15
       Steam dragon scal |       |       |       |       |    11 ||    11
Dodge: Dodged            |    13 |    15 |    39 |    78 |    54 ||   199
Block: Other             |     2 |     2 |    16 |       |       ||    20
       Reflection        |       |       |     7 |     6 |       ||    13
       Buckler           |       |       |     5 |    79 |       ||    84
       Kite shield       |       |       |       |     5 |    28 ||    33
